 Dungeon Crawl Stone Soup version 0.23.2-1-ga50397a (webtiles) character file.

Game seed: 11059328299297438945

105 Iscandelvey the Bolt Thrower (level 4, 2/32 HPs)
             Began as a Demonspawn Arcane Marksman on Apr 17, 2019.
             Quit the game on level 2 of the Dungeon.
             The game lasted 00:00:44 (497 turns).

Iscandelvey the Bolt Thrower (DsAM)                  Turns: 497, Time: 00:00:45

Health: 2/32       AC:  4    Str: 10    XL:     4   Next: 53%
Magic:  5/5        EV: 12    Int: 15    God:
Gold:   69         SH:  0    Dex: 14    Spells: 4/5 levels left

rFire    . . .     SeeInvis .   a - +0 hand crossbow
rCold    . . .     Gourm    .   (no shield)
rNeg     . . .     Faith    .   e - +0 robe
rPois    .         Spirit   .   (no helmet)
rElec    .         Reflect  .   (no cloak)
rCorr    .         Harm     .   (no gloves)
MR       .....                  (no boots)
Stlth    +.........             (no amulet)
HPRegen  0.10/turn              (no ring)
MPRegen  0.09/turn              (no ring)

@: no status effects
A: thin metallic scales 1, demonic guardian 1
a: no special abilities


You were on level 2 of the Dungeon.
You were not hungry.

You visited 1 branch of the dungeon, and saw 2 of its levels.

You collected 69 gold pieces.

Inventory:

Hand Weapons
 a - a +0 hand crossbow (weapon)
Missiles
 d - 2 bolts (quivered)
Armour
 e - a +0 robe (worn)
Jewellery
 h - a cursed ring of attention {unknown}
Scrolls
 b - a scroll of amnesia {unknown}
 c - 2 scrolls of identify {unknown}
Potions
 g - a potion of lignification {unknown}
 i - a potion of heal wounds {unknown}
Comestibles
 f - a ration


   Skills:
 + Level 1.4 Fighting
 + Level 3.6 Crossbows
 + Level 2.1 Dodging
 + Level 0.1 Stealth
 + Level 1.0 Spellcasting
 + Level 3.5 Hexes


You had 4 spell levels left.
You knew the following spells:

 Your Spells              Type           Power        Failure   Level  Hunger
a - Corona                Hex            ##.....      5%          1    ##.....

Your spell library contained the following spells:

 Spells                   Type           Power        Failure   Level  Hunger
 Slow                     Hex            ##......     9%          2    ###....
 Inner Flame              Hex/Fire       #.......     34%         3    ####...
 Portal Projectile        Hex/Tloc       #.....       34%         3    ####...
 Cause Fear               Hex            ##........   50%         4    #####..
 Leda's Liquefaction      Hex/Erth       #.........   75%         4    #####..


Dungeon Overview and Level Annotations

Branches:
Dungeon (2/15)

Altars:


Innate Abilities, Weirdness & Mutations

You are partially covered in thin metallic scales. (AC +2)
A weak demonic guardian rushes to your aid.


Message History

You shoot a bolt. The bolt hits the ogre.
The ogre is severely wounded.
The ogre hits you with a +0 giant spiked club!
Ouch! That really hurt!
* * * LOW HITPOINT WARNING * * *
Firing (i - inventory)
d - 3 bolts (quivered)
Press: ? - help, Shift-Dir - straight line, f/p - ogre
Aim: an ogre, wielding a +0 giant spiked club (severely wounded)
You shoot a bolt. The bolt hits the ogre!
You kill the ogre!
Your Crossbows skill increases to level 3!
Your Dodging skill increases to level 2!
You have reached level 3!
Your experience leads to an increase in your attributes!
Increase (S)trength, (I)ntelligence, or (D)exterity?
You feel clever.
Your demonic ancestry asserts itself...
You feel the presence of a demonic guardian.
You have reached level 4!
You feel agile.
Are you sure you want to abandon this character and quit the game? (Confirm with "yes".)

#. ... #.##.. ..#(.
####.#(###
#....(...# ...#
#....(...#....#
###....).<.#....#
(.....(@..(#....#
.......#†.).....#
.......#.......(#
.......#>.......#
.......##.......####
...)... #......(....
[...... #......(....
....... #...........
#...........


There were no monsters in sight!

Vanquished Creatures
  An ogre (D:2)
  A leopard gecko (D:2)
  3 bats
  2 goblins
  2 hobgoblins
  3 jackals (D:1)
  A kobold (D:1)
  2 rats (D:1)
15 creatures vanquished.

Notes
Turn   | Place    | Note
-------+----------+-------------------------------------------
     0 | D:1      | Iscandelvey the Demonspawn Arcane Marksman began the quest
                  | for the Orb.
     0 | D:1      | Reached XP level 1. HP: 15/15 MP: 2/2
    80 | D:1      | Gained mutation: You are partially covered in thin metallic
                  | scales. (AC +2) [demonic ancestry]
    80 | D:1      | Reached XP level 2. HP: 14/21 MP: 3/3
   487 | D:2      | Noticed an ogre
   495 | D:2      | HP: 1/21 [ogre/+0 giant spiked club (15)]
   496 | D:2      | Killed an ogre
   496 | D:2      | Gained mutation: A weak demonic guardian rushes to your
                  | aid. [demonic ancestry]
   496 | D:2      | Reached XP level 3. HP: 1/26 MP: 4/4
   496 | D:2      | Reached XP level 4. HP: 2/32 MP: 5/5
   497 | D:2      | Quit the game

Skill      XL: |  1  2 |
---------------+-------+-----
Crossbows      | 3 |  3.6
Dodging        | 2 |  2.1
Fighting       | |  1.4
Stealth        | |  0.1
Spellcasting   | |  1.0
Hexes          | |  3.5

Action                   |  1- 3 |  4- 6 || total
-------------------------+-------+-------++-------
 Fire: Hand crossbow     |    53 |       ||    53
Armor: Robe              |    10 |       ||    10
Dodge: Dodged            |    20 |       ||    20
